General information
- name: BNet
- type: Ladder team game (AT/RT)
- host: Battle.net
- saver: GosuTrashtalker
map: Slalom
- players: 8
- length: 32:10
- speed: Fast
- version: 1.26 W3XP
- replay type: Public
» download(190 KB)
Players
team 1 (winner)
skyrim.delayed (
red | 56 APM | 1805 actions | 32:10)
8 Blood Mage
3 Flame Strike
3 Banish
1 Summon Phoenix
1 Siphon Mana
» actions
| Assign group hotkey | 34 | |
| Basic commands | 107 | |
| Build / train | 51 | |
| Enter build submenu | 14 | |
| Enter hero's abilities submenu | 9 | |
| Give item / drop item | 3 | |
| Right click | 819 | |
| Select / deselect | 211 | |
| Select group hotkey | 504 | |
| Use ability | 53 | |
1805 total
» units
| Peasant | 7 | |
| Footman | 8 | |
| Gryphon Rider | 8 | |
| Gargoyle | 5 | |
28 total
» upgrades
| Masonry | 3 | |
| Swords | 1 | |
| Storm Hammers | 1 | |
5 total
» buildings
| Altar of Kings | 1 | |
| Barracks | 1 | |
| Farm | 11 | |
| Scout Tower | 1 | |
| Arcane Tower | 1 | |
| Keep | 2 | |
| Arcane Vault | 1 | |
| Lumber Mill | 1 | |
| Blacksmith | 1 | |
| Castle | 2 | |
| Gryphon Aviary | 2 | |
| Town Hall | 1 | |
25 total
» build order
00:09 Altar of Kings
00:21 Barracks
00:36 Farm
00:52 Farm
01:31 Farm
01:41 Scout Tower
02:07 Arcane Tower
02:38 Farm
03:19 Keep
03:37 Arcane Vault
03:57 Lumber Mill
04:32 Farm
04:33 Farm
05:33 Blacksmith
06:01 Castle
06:01 Castle
06:27 Gryphon Aviary
06:30 Gryphon Aviary
06:33 Farm
06:33 Farm
06:34 Farm
06:35 Farm
06:35 Farm
24:54 Town Hall
28:09 Keep
» items
| Staff of Teleportation | 1 | |
| Scroll of Town Portal | 1 | |
| Potion of Mana | 1 | |
| Potion of Lesser Invulnerability | 1 | |
4 total

»
sIlkworm (
teal | 53 APM | 1118 actions | 21:13)
4 Death Knight
2 Death Coil
2 Death Pact
3 Dark Ranger
2 Silence
1 Black Arrow
1 Dreadlord
1 Sleep
» actions
| Basic commands | 73 | |
| Build / train | 99 | |
| Enter build submenu | 27 | |
| Enter hero's abilities submenu | 8 | |
| Give item / drop item | 2 | |
| Right click | 298 | |
| Select / deselect | 550 | |
| Use ability | 61 | |
1118 total
» units
| Acolyte | 10 | |
| Ghoul | 11 | |
| Crypt Fiend | 10 | |
| Gargoyle | 26 | |
57 total
» upgrades
| Creature Attack | 3 | |
| Creature Carapace | 4 | |
| Web | 1 | |
| Burrow | 1 | |
9 total
» buildings
| Ziggurat | 11 | |
| Crypt | 5 | |
| Altar of Darkness | 1 | |
| Tomb of Relics | 2 | |
| Graveyard | 1 | |
| Nerubian Tower | 2 | |
| Necropolis | 1 | |
| Halls of the Dead | 1 | |
| Spirit Tower | 6 | |
| Black Citadel | 1 | |
| Sacrificial Pit | 1 | |
32 total
» build order
00:08 Ziggurat
00:14 Crypt
00:19 Crypt
00:51 Ziggurat
01:03 Altar of Darkness
01:20 Tomb of Relics
01:56 Graveyard
02:21 Nerubian Tower
05:05 Necropolis
05:26 Ziggurat
05:53 Ziggurat
06:20 Nerubian Tower
06:39 Halls of the Dead
07:02 Crypt
07:09 Ziggurat
07:14 Ziggurat
07:18 Spirit Tower
07:34 Tomb of Relics
07:42 Ziggurat
07:46 Ziggurat
08:24 Spirit Tower
08:30 Ziggurat
08:36 Ziggurat
09:06 Spirit Tower
10:04 Black Citadel
10:17 Spirit Tower
10:19 Spirit Tower
10:33 Ziggurat
11:54 Sacrificial Pit
13:01 Spirit Tower
20:26 Crypt
20:27 Crypt
» items
| Rod of Necromancy | 1 | |
| Sacrificial Skull | 1 | |
| Potion of Healing | 4 | |
| Scroll of Town Portal | 3 | |
| Potion of Lesser Invulnerability | 1 | |
| Boots of Speed | 1 | |
| Staff of Teleportation | 1 | |
12 total

»
ChrisCringle (
purple | 55 APM | 1785 actions | 32:10)
7 Keeper of the Grove
2 Entangling Roots
1 Force of Nature
3 Thorns Aura
1 Tranquility
» actions
| Assign group hotkey | 35 | |
| Basic commands | 17 | |
| Build / train | 74 | |
| Enter build submenu | 22 | |
| Enter hero's abilities submenu | 8 | |
| Give item / drop item | 1 | |
| Remove unit from queue | 2 | |
| Right click | 1112 | |
| Select / deselect | 241 | |
| Select group hotkey | 225 | |
| Use ability | 48 | |
1785 total
» units
| Wisp | 15 | |
| Huntress | 8 | |
| Dryad | 10 | |
| Druid of the Claw | 6 | |
| Archer | 16 | |
55 total
» upgrades
| Abolish Magic | 1 | |
| Druid of the Claw Training | 2 | |
| Upgrade Moon Glaive | 1 | |
4 total
» buildings
| Altar of Elders | 2 | |
| Moon Well | 11 | |
| Ancient of War | 2 | |
| Hunter's Hall | 1 | |
| Tree of Ages | 3 | |
| Ancient of Wonders | 2 | |
| Ancient of Lore | 2 | |
| Tree of Eternity | 1 | |
| Tree of Life | 2 | |
26 total
» build order
00:15 Altar of Elders
00:21 Moon Well
00:35 Ancient of War
01:28 Moon Well
02:02 Hunter's Hall
02:37 Moon Well
03:30 Tree of Ages
03:54 Moon Well
05:13 Moon Well
05:17 Ancient of Wonders
06:01 Ancient of Lore
06:06 Ancient of Lore
06:42 Tree of Eternity
09:15 Moon Well
11:38 Moon Well
12:59 Moon Well
16:18 Tree of Life
20:12 Altar of Elders
20:19 Ancient of Wonders
20:40 Moon Well
22:19 Tree of Ages
25:35 Ancient of War
25:39 Moon Well
26:29 Moon Well
28:11 Tree of Life
31:55 Tree of Ages
» items

»
piyratjack (
yellow | 26 APM | 434 actions | 16:46)
3 Shadow Hunter
2 Healing Wave
1 Serpent Ward
» actions
| Basic commands | 1 | |
| Build / train | 33 | |
| Enter build submenu | 17 | |
| Enter hero's abilities submenu | 3 | |
| Give item / drop item | 2 | |
| Right click | 213 | |
| Select / deselect | 125 | |
| Use ability | 40 | |
434 total
» units
| Peon | 6 | |
| Troll Headhunter/Berserker | 3 | |
| Wind Rider | 5 | |
| Ice Troll Berserker | 1 | |
15 total
» upgrades
| Backpack | 1 | |
| Pillage | 1 | |
| Troll Regeneration | 1 | |
| Envenomed Spears | 1 | |
4 total
» buildings
| Orc Burrow | 7 | |
| Altar of Storms | 1 | |
| War Mill | 1 | |
| Voodoo Lounge | 1 | |
| Barracks | 1 | |
| Stronghold | 1 | |
| Fortress | 1 | |
| Beastiary | 2 | |
| Watch Tower | 1 | |
16 total
» build order
00:18 Orc Burrow
00:34 Altar of Storms
01:56 War Mill
02:13 Voodoo Lounge
02:53 Barracks
03:29 Orc Burrow
04:02 Orc Burrow
04:13 Orc Burrow
04:46 Orc Burrow
05:02 Stronghold
06:00 Orc Burrow
07:55 Fortress
08:06 Beastiary
09:37 Orc Burrow
11:38 Beastiary
12:00 Watch Tower
» items
| Lesser Clarity Potion | 1 | |
| Healing Salve | 2 | |
| Scroll of Healing | 1 | |
| Potion of Lesser Invulnerability | 1 | |
| Potion of Mana | 2 | |
| Scroll of Town Portal | 1 | |
8 total
team 2 (loser)
GosuTrashtalker (
green | 68 APM | 2186 actions | 32:10)
2 Mountain King
1 Storm Bolt
1 Bash
5 Blood Mage
3 Flame Strike
2 Siphon Mana
» actions
| Assign group hotkey | 171 | |
| Basic commands | 162 | |
| Build / train | 113 | |
| ESC pressed | 1 | |
| Enter build submenu | 30 | |
| Enter hero's abilities submenu | 7 | |
| Give item / drop item | 3 | |
| Remove unit from queue | 24 | |
| Right click | 989 | |
| Select / deselect | 365 | |
| Select group hotkey | 254 | |
| Use ability | 65 | |
2186 total
» units
| Peasant | 15 | |
| Footman | 6 | |
| Gryphon Rider | 17 | |
| Knight | 7 | |
| Mortar Team | 1 | |
46 total
» upgrades
| Masonry | 3 | |
| Swords | 4 | |
| Animal War Training | 1 | |
| Gunpowder | 0 | |
| Storm Hammers | 1 | |
| Armor | 3 | |
| Lumber Harvesting | 1 | |
| Backpack | 1 | |
14 total
» buildings
| Altar of Kings | 1 | |
| Barracks | 1 | |
| Farm | 14 | |
| Lumber Mill | 1 | |
| Keep | 4 | |
| Blacksmith | 1 | |
| Castle | 1 | |
| Gryphon Aviary | 2 | |
| Town Hall | 2 | |
| Scout Tower | 10 | |
| Guard Tower | 10 | |
| Arcane Vault | 1 | |
48 total
» build order
00:04 Altar of Kings
00:07 Barracks
00:10 Farm
01:37 Farm
02:18 Farm
02:21 Lumber Mill
03:03 Keep
03:03 Keep
03:04 Keep
03:25 Farm
04:12 Blacksmith
05:25 Castle
05:27 Gryphon Aviary
06:52 Gryphon Aviary
08:25 Town Hall
11:02 Farm
11:51 Farm
12:06 Scout Tower
12:07 Scout Tower
12:09 Scout Tower
12:10 Scout Tower
12:11 Scout Tower
13:10 Farm
13:13 Guard Tower
13:23 Guard Tower
14:11 Guard Tower
15:45 Arcane Vault
17:06 Farm
17:11 Farm
18:28 Farm
18:34 Farm
20:27 Town Hall
23:24 Scout Tower
23:25 Scout Tower
23:26 Scout Tower
23:28 Scout Tower
23:29 Scout Tower
24:40 Guard Tower
24:45 Guard Tower
24:45 Guard Tower
26:07 Farm
26:08 Farm
26:37 Guard Tower
26:38 Guard Tower
27:40 Farm
30:08 Guard Tower
» items
| Scroll of Regeneration | 3 | |
| Scroll of Town Portal | 1 | |
| Staff of Teleportation | 1 | |
| Boots of Speed | 1 | |
6 total
SkillFootie (
orange | 149 APM | 2279 actions | 15:18)
3 Paladin
2 Holy Light
1 Divine Shield
3 Mountain King
1 Storm Bolt
2 Bash
» actions
| Assign group hotkey | 765 | |
| Build / train | 47 | |
| Enter build submenu | 23 | |
| Enter hero's abilities submenu | 7 | |
| Give item / drop item | 1 | |
| Remove unit from queue | 1 | |
| Right click | 616 | |
| Select / deselect | 111 | |
| Select group hotkey | 659 | |
| Use ability | 49 | |
2279 total
» units
» upgrades
| Plating | 2 | |
| Defend | 1 | |
| Animal War Training | 1 | |
| Lumber Harvesting | 1 | |
| Swords | 1 | |
6 total
» buildings
| Altar of Kings | 1 | |
| Farm | 13 | |
| Barracks | 2 | |
| Keep | 1 | |
| Lumber Mill | 1 | |
| Blacksmith | 1 | |
| Arcane Vault | 1 | |
| Scout Tower | 6 | |
| Castle | 1 | |
| Guard Tower | 4 | |
| Town Hall | 1 | |
| Arcane Sanctum | 1 | |
33 total
» build order
00:07 Altar of Kings
00:22 Farm
00:54 Barracks
01:19 Farm
02:10 Farm
03:03 Keep
03:09 Lumber Mill
03:16 Farm
03:46 Blacksmith
04:16 Arcane Vault
05:35 Farm
05:44 Scout Tower
06:04 Barracks
06:48 Castle
06:50 Guard Tower
07:47 Farm
07:47 Farm
09:01 Town Hall
09:24 Scout Tower
09:34 Farm
10:56 Farm
10:58 Farm
11:05 Guard Tower
11:08 Scout Tower
11:09 Scout Tower
11:10 Scout Tower
11:10 Scout Tower
12:09 Guard Tower
13:00 Farm
13:01 Farm
13:07 Arcane Sanctum
13:23 Guard Tower
14:46 Farm
» items
| Scroll of Regeneration | 2 | |
| Lesser Clarity Potion | 1 | |
| Potion of Healing | 1 | |
4 total
WelComeToJamroC (
blue | 60 APM | 917 actions | 15:11)
3 Archmage
2 Summon Water Elemental
1 Brilliance Aura
2 Paladin
1 Holy Light
1 Divine Shield
» actions
| Assign group hotkey | 29 | |
| Basic commands | 98 | |
| Build / train | 50 | |
| Enter build submenu | 28 | |
| Enter hero's abilities submenu | 5 | |
| Remove unit from queue | 1 | |
| Right click | 134 | |
| Select / deselect | 166 | |
| Select group hotkey | 359 | |
| Use ability | 47 | |
917 total
» units
| Peasant | 13 | |
| Rifleman | 9 | |
| Priest | 5 | |
| Sorceress | 2 | |
29 total
» upgrades
| Priest Training | 2 | |
| Long Rifles | 1 | |
| Gunpowder | 1 | |
| Armor | 1 | |
| Lumber Harvesting | 1 | |
6 total
» buildings
| Altar of Kings | 1 | |
| Farm | 8 | |
| Blacksmith | 1 | |
| Barracks | 1 | |
| Scout Tower | 5 | |
| Lumber Mill | 1 | |
| Arcane Tower | 1 | |
| Keep | 1 | |
| Arcane Vault | 1 | |
| Guard Tower | 4 | |
| Arcane Sanctum | 3 | |
| Town Hall | 1 | |
| Castle | 1 | |
| Workshop | 1 | |
30 total
» build order
00:05 Altar of Kings
00:07 Farm
00:47 Farm
00:56 Blacksmith
01:51 Barracks
02:02 Scout Tower
02:27 Lumber Mill
02:31 Arcane Tower
02:35 Farm
04:09 Keep
04:13 Farm
04:18 Scout Tower
04:31 Arcane Vault
04:55 Farm
05:15 Guard Tower
05:46 Farm
06:44 Arcane Sanctum
06:48 Arcane Sanctum
07:12 Town Hall
07:23 Scout Tower
07:57 Guard Tower
07:59 Scout Tower
08:02 Arcane Sanctum
08:33 Guard Tower
09:14 Castle
09:25 Farm
10:11 Farm
11:52 Guard Tower
13:08 Workshop
13:37 Scout Tower
mazak (
pink | 27 APM | 875 actions | 31:57)
4 Blademaster
2 Wind Walk
2 Mirror Image
» actions
| Basic commands | 2 | |
| Build / train | 33 | |
| Enter build submenu | 14 | |
| Enter hero's abilities submenu | 4 | |
| Give item / drop item | 1 | |
| Right click | 498 | |
| Select / deselect | 295 | |
| Use ability | 28 | |
875 total
» units
| Peon | 5 | |
| Grunt | 4 | |
| Troll Headhunter/Berserker | 4 | |
| Wind Rider | 7 | |
| Shaman | 4 | |
24 total
» upgrades
» buildings
| Altar of Storms | 1 | |
| Orc Burrow | 5 | |
| Barracks | 2 | |
| War Mill | 1 | |
| Stronghold | 1 | |
| Fortress | 1 | |
| Spirit Lodge | 1 | |
| Beastiary | 1 | |
| Watch Tower | 1 | |
| Tauren Totem | 1 | |
15 total
» build order
00:39 Altar of Storms
00:54 Orc Burrow
01:10 Barracks
01:54 War Mill
03:13 Orc Burrow
03:40 Stronghold
04:29 Orc Burrow
06:47 Fortress
08:28 Spirit Lodge
10:19 Beastiary
14:04 Orc Burrow
15:02 Orc Burrow
16:04 Watch Tower
17:24 Tauren Totem
30:44 Barracks
Chat log
(00:14 / Allies) SkillFootie: ill get pala
(00:22 / Allies) WelComeToJamroC: k
(00:39 / Allies) WelComeToJamroC: green hero?
(00:45 / Allies) GosuTrashtalker: blood mage
(01:10 / Allies) SkillFootie: plan?
(01:16 / Allies) mazak: rush ?
(01:23 / Allies) SkillFootie: we can
(01:28 / Allies) GosuTrashtalker: kk
(01:35 / Allies) WelComeToJamroC: no
(01:37 / Allies) SkillFootie: its hard to rush on this map thou
(01:40 / Allies) WelComeToJamroC: yea
(01:43 / Allies) WelComeToJamroC: aka ignorant
(01:47 / Allies) SkillFootie: cause everyone is so clos
(01:54 / Allies) GosuTrashtalker: and the map is huge
(02:06 / Allies) SkillFootie: ok, let tech
(02:11 / Allies) WelComeToJamroC: cc
(02:22 / Allies) SkillFootie: who is getting gryphons?
(02:26 / Allies) GosuTrashtalker: me
(02:30 / Allies) SkillFootie: k
(02:40 / Allies) SkillFootie: ill get knights
(02:49 / All) skyrim.delayed: u need to watclk walking dead
(05:30 / Allies) SkillFootie: lets heal first
(05:56 / Allies) WelComeToJamroC: can i have expo?
(05:59 / Allies) SkillFootie: ok
(06:05 / Allies) GosuTrashtalker: hel pme get this one after
(06:27 / Allies) WelComeToJamroC: i can have that one tho?
(06:30 / Allies) SkillFootie: ok
(06:42 / Allies) SkillFootie: heal come
(07:05 / Allies) GosuTrashtalker: I'm taking this expo
(07:18 / Allies) GosuTrashtalker: help creeping it, please?
(08:09 / Allies) SkillFootie: i got this one
(08:39 / Allies) GosuTrashtalker: wood please
(08:44 / Allies) WelComeToJamroC: 111121111
(09:02 / Allies) GosuTrashtalker: wood please
(10:16 / Allies) GosuTrashtalker: wood please
(10:59 / Allies) WelComeToJamroC: red creep
(11:40 / Allies) WelComeToJamroC: other red
(11:42 / Allies) WelComeToJamroC: items
(11:46 / Allies) GosuTrashtalker: wood please
(11:54 / Allies) WelComeToJamroC: im short
(11:56 / Allies) WelComeToJamroC: need gold?
(11:59 / Allies) GosuTrashtalker: no thanks
(12:11 / Allies) WelComeToJamroC: i asked
(12:13 / Allies) WelComeToJamroC: i dont need
(12:34 / Allies) WelComeToJamroC: dude spend gold
(12:37 / Allies) WelComeToJamroC: one has 4k one 2k
(12:45 / Allies) GosuTrashtalker: I need lumber to spend it
(12:46 / Allies) GosuTrashtalker: god damn
(13:17 / Allies) SkillFootie: wait up
(13:35 / Allies) GosuTrashtalker: anyone have spare wood, please?
(13:41 / Allies) SkillFootie: send me cash
(13:45 / Allies) GosuTrashtalker: k
(13:51 / Allies) GosuTrashtalker: thanks
(14:03 / Allies) WelComeToJamroC: aa now~~~~
(14:18 / Allies) WelComeToJamroC: tp
(14:23 / Allies) SkillFootie: tp
(14:29 / Allies) GosuTrashtalker: help
(14:35 / Allies) WelComeToJamroC: tp to orange expo
(14:42 / Allies) GosuTrashtalker: wtf guys
(14:52 / Allies) WelComeToJamroC: slow fags
(14:57 / Allies) GosuTrashtalker: you idiots didn't tp
(15:08 / Allies) GosuTrashtalker: now I have to rely on my friend red to backstab for us
(16:12 / Allies) GosuTrashtalker: wood please
(16:43 / All) ChrisCringle: you fuckin idiot noob
(16:48 / All) GosuTrashtalker: raped
(16:49 / All) GosuTrashtalker: nigga
(17:53 / Allies) mazak: green go
(19:21 / Allies) mazak: 1 sec
(19:24 / Allies) mazak: back
(19:30 / Allies) GosuTrashtalker: ?
(19:49 / Allies) GosuTrashtalker: sec
(19:51 / Allies) GosuTrashtalker: buying an item
(20:10 / Allies) GosuTrashtalker: coming
(20:14 / Allies) GosuTrashtalker: hit expos
(20:59 / All) sIlkworm: now we don't
(21:01 / All) sIlkworm: gg friends
(21:20 / All) ChrisCringle: gg other team we had a faggot tker
(21:22 / All) GosuTrashtalker: raped
(21:24 / All) skyrim.delayed: ill stop prup
(21:55 / All) ChrisCringle: fuck you queer, you fuckin blow, now you get a virus
(22:17 / Allies) mazak: green wtf
(22:26 / Allies) GosuTrashtalker: needed to heal
(22:37 / Allies) mazak: stop fuck
(23:14 / Allies) mazak: come
(23:25 / Allies) mazak: green
(23:43 / Allies) mazak: wtf you ding
(23:51 / Allies) GosuTrashtalker: raeping you
(23:53 / Allies) GosuTrashtalker: son
(23:56 / Allies) mazak: wtf you doing
(24:02 / All) GosuTrashtalker: killed his nigga orctrash base
(24:12 / All) GosuTrashtalker: he couldn't use his only micro for his race in time - ensnare
(24:48 / Allies) mazak: come attack
(24:50 / All) GosuTrashtalker: owned
(24:53 / All) GosuTrashtalker: pink
(24:58 / All) GosuTrashtalker: now that faggot wants me to attack
(25:05 / All) GosuTrashtalker: he should shut the fuck up and get to my level
(26:56 / All) skyrim.delayed: ill let ur hero live purple
(27:52 / Allies) mazak: green wtf help me
(27:58 / All) GosuTrashtalker: stfu pink
(28:00 / All) GosuTrashtalker: know your place
(28:06 / All) GosuTrashtalker: do not tell me what to help with and what to do
(28:12 / All) GosuTrashtalker: this is why I buttfucked your shitty team
(28:34 / Allies) mazak: come help me
(28:41 / Allies) mazak: fucking ashol
(28:42 / All) GosuTrashtalker: shut the fuck up, mazak
(28:46 / All) skyrim.delayed: pink is 26-44
(28:47 / Allies) mazak: meat your mom
(28:47 / All) GosuTrashtalker: you lost 1v3 to your own team
(28:50 / All) GosuTrashtalker: shitlicker
(29:10 / All) GosuTrashtalker: he says "meat your mom." i'd do the same to hers but she died to a pc (pancreatic cancer) like steve jobs
(29:23 / All) skyrim.delayed: u wnat purple to win? or pink?
(29:27 / Allies) mazak: fuck you man
(29:28 / All) GosuTrashtalker: purp
(29:32 / All) skyrim.delayed: k
(29:34 / All) skyrim.delayed: lets go purp
(30:15 / All) GosuTrashtalker: owned
(30:17 / All) GosuTrashtalker: pink
(30:18 / All) GosuTrashtalker: you blow
(30:28 / All) GosuTrashtalker: 26-44 wins/loss
(30:29 / All) GosuTrashtalker: LMAO
(30:33 / All) GosuTrashtalker: fucking awful
(30:42 / All) skyrim.delayed: purp if we win my computer is still safe, right?
(30:42 / All) GosuTrashtalker: thats like your dead mom's skill
(30:46 / All) GosuTrashtalker: and she's dead and is better
(31:40 / All) GosuTrashtalker: I'll help kill my own shit now
(31:45 / All) skyrim.delayed: ok
(31:48 / All) skyrim.delayed: purple gets the win lawl
(31:54 / All) GosuTrashtalker: top left guy, blue, is already dead
(31:58 / All) GosuTrashtalker: oj can't make anything
(32:04 / All) GosuTrashtalker: pink is gone and ragequitted
(32:08 / All) GosuTrashtalker: gg, good job purp